 Dungeon Crawl Stone Soup version 0.15.2 (webtiles) character file.

189 kae the Ruffian (level 5, -3/40 HPs)
             Began as a Draconian Transmuter on Feb 23, 2015.
             Slain by a worm (8 damage)
             ... on Level 3 of the Dungeon.
             The game lasted 00:03:22 (2919 turns).

kae the Ruffian (Draconian Transmuter)              Turns: 2919, Time: 00:03:23

HP  -3/40        AC  5     Str 13      XL: 5   Next: 40%
MP   9/9         EV 12     Int 13      God:
Gold 117         SH  0     Dex 12      Spells:  3 memorised,  2 levels left

rFire  . . .     SeeInvis .       - Unarmed
rCold  . . .     Clarity  .     (armour unavailable)
rNeg   . . .     rCorr    .     (no shield)
rPois  .         rRot     .     (helmet restricted)
rElec  .         Spirit   .     (no cloak)
SustAb .         Warding  .     (no gloves)
rMut   .         Stasis   .     (boots unavailable)
Gourm  .                        (no amulet)
MR     .....                    (no ring)
                                (no ring)

@: appendage, not resistant to hostile enchantments, very unstealthy
A: unfitting armour, talons 3, cold-blooded, AC +5
a: End Transformation


You were on level 3 of the Dungeon.
You were not hungry.
You had grown temporary talons.
You visited 1 branch of the dungeon, and saw 3 of its levels.

You collected 117 gold pieces.

Inventory:

Missiles
 b - 65 arrows
Comestibles
 a - a bread ration
 f - a meat ration
 n - 2 beef jerkies
Scrolls
 c - a scroll of noise {unknown}
 e - a scroll of teleportation {unknown}
 g - 6 scrolls of identify {unknown}
 i - a scroll of remove curse {unknown}
 o - a scroll of enchant weapon {unknown}
 p - a scroll of fear {unknown}
Jewellery
 h - a +2 ring of intelligence {unknown}
Potions
 j - a potion of flight {unknown}
 k - a potion of lignification {unknown}
 l - 2 potions of heal wounds {unknown}
 m - 2 potions of brilliance {unknown}
Books
 d - a book of Changes

   Spells                             Type                      Level
   *Beastly Appendage                 Transmutation                1
   *Sticks to Snakes                  Transmutation                2
   *Spider Form                       Transmutation/Poison         3
   Ice Form                           Ice/Transmutation            4
   Blade Hands                        Transmutation                5


   Skills:
 - Level 1.1 Fighting
 - Level 1.7 Dodging
 * Level 5.2 Unarmed Combat
 - Level 2.0 Spellcasting
 + Level 3.7 Transmutations


You had 2 spell levels left.
You knew the following spells:

 Your Spells              Type           Power        Failure   Level  Hunger
a - Beastly Appendage     Trmt           ##....       8%          1    ##.....
b - Sticks to Snakes      Trmt           ##........   10%         2    ###....
c - Spider Form           Trmt/Pois      #.........   38%         3    ####...


Dungeon Overview and Level Annotations

Branches:
Dungeon (3/15)

Altars:
Sif Muna


Innate Abilities, Weirdness & Mutations

Your plain brown scales are hard (AC +5).
Your body does not fit into most forms of armour.
Your cold-blooded metabolism reacts poorly to cold.
You have claws for feet.


Message History

You closely miss the orc. Your kick misses the orc. You tail-slap the orc.
You kill the orc!
The worm closely misses you.
Items here: %% ))) [[ You hit the worm.
You tail-slap the worm.
The worm is moderately wounded.
You hit the worm. You claw the worm.
Your tail-slap misses the worm.
The worm is heavily wounded.
The worm closely misses you.
You punch the worm!
The worm is almost dead.
You hit the worm.
You tail-slap the worm, but do no damage.
The worm is almost dead.
The worm bites you!
* * * LOW HITPOINT WARNING * * *
You barely miss the worm.
The worm is almost dead.
The worm bites you!
You die...

... .. .. .# ###.#
##. ... ...
..g.####.## #.# .#
#..r......# ..# #.
########..###.# #..
#w.....# #.#
#@###..###.#
#<####..##.#
#........).##
........>...##
..............#
#..............# #
#..............#
..#
#..............#
#..
#..[...........####


You could see a worm.

Vanquished Creatures
  An orc wizard (D:3)
  Jessica (D:2)
  3 adders (D:2)
  3 gnolls (D:3)
  A worm (D:1)
  2 oozes
  4 orcs (D:3)
  7 bats
  12 hobgoblins
  2 jackals (D:2)
  12 kobolds
  2 quokkas
  A ball python (D:1)
  6 giant cockroaches
  3 giant geckos
  6 giant newts
  7 goblins
  9 rats
82 creatures vanquished.

Notes
Turn   | Place    | Note
--------------------------------------------------------------
     0 | D:1      | kae, the Draconian Transmuter, began the quest for the Orb.
     0 | D:1      | Reached XP level 1. HP: 16/16 MP: 3/3
   206 | D:1      | Reached XP level 2. HP: 23/23 MP: 4/4
   772 | D:1      | Reached XP level 3. HP: 28/28 MP: 6/6
   776 | D:1      | Learned a level 2 spell: Sticks to Snakes
   780 | D:1      | Learned a level 3 spell: Spider Form
   943 | D:2      | Reached skill level 4 in Unarmed Combat
  1334 | D:2      | Noticed Jessica
  1562 | D:1      | Reached XP level 4. HP: 18/35 MP: 5/7
  1688 | D:2      | Killed Jessica
  2675 | D:3      | Reached XP level 5. HP: 26/40 MP: 6/9
  2681 | D:3      | Reached skill level 5 in Unarmed Combat
  2868 | D:3      | Found a deep blue altar of Sif Muna.
  2919 | D:3      | Slain by a worm

Action                   |  1- 3 |  4- 6 || total
-------------------------+-------+-------++-------
Melee: Unarmed           |   175 |   152 ||   327
 Cast: Beastly Appendage |    10 |     7 ||    17
       Spider Form       |       |     1 ||     1
  Use: Potion            |       |     1 ||     1
 Stab: Sleeping          |     1 |       ||     1
  Eat: Chunk             |     2 |     5 ||     7
